 Dungeon Crawl Stone Soup version 0.31.0-11-ge490571c62 (webtiles) character file.

Game seed: 6834757050266169957

22 CyriusSolstice the Grasshopper (level 2, -1/15 HPs)
             Began as a Felid Warper on Jan 29, 2024.
             Slain by Pargi (3 damage)
             ... on level 2 of the Dungeon.
             The game lasted 00:13:55 (970 turns).

CyriusSolstice the Grasshopper (Felid Warper)        Turns: 970, Time: 00:13:58

Health: -1/15      AC:  1    Str:  7    XL:     2   Next: 68%
Magic:  9/15       EV: 18    Int: 16    God:
Gold:   89         SH:  5    Dex: 15    Spells: 0/5 levels left
                                        Lives:  0   Deaths: 1

rFire   . .          .
                       - Unarmed
rCold   . . .        (shield unavailable)
rNeg    . . .        (body armour unavailable)
rPois   .            (helmet unavailable)
rElec   .            (cloak unavailable)
rCorr   .            (gloves unavailable)
SInv    +            (boots unavailable)
Will    .....        i - amulet of reflection
Stlth   +            e - ring of magical power
HPRegen 0.22/turn    (no ring)
MPRegen 0.14/turn

%: reflection
@: on blink cooldown, very slightly contaminated
A: very small, claws 1, fangs 3, see invisible, shaggy fur 1, stealthy paws, no
weapons or thrown items, no armour, multi-lived
a: no special abilities


You were on level 2 of the Dungeon.
You visited 1 branch of the dungeon, and saw 3 of its levels.

You collected 89 gold pieces.

Inventory:

Missiles
 d - 3 boomerangs
Armour
 c - a +0 ring mail
 g - a scarf of invisibility
 j - a +0 scale mail
Magical Staves
 f - a staff of conjuration
Jewellery
 e - a ring of magical power (left paw)
 i - an amulet of reflection (around neck)
Scrolls
 a - a scroll of blinking
Potions
 b - a potion of ambrosia {unknown}
 h - a potion of magic {unknown}
 k - a potion of curing {unknown}


   Skills:
 + Level 2.1 Fighting
 - Level 3.4 Dodging
 - Level 0.2 Stealth
 + Level 2.2 Unarmed Combat
 + Level 2.1 Spellcasting
 + Level 5.1 Translocations


You couldn't memorise any spells.
You knew the following spells:

 Your Spells              Type           Power      Damage    Failure   Level
a - Blink                 Tloc           36%        N/A       3%          2
b - Call Imp              Summ           2%         N/A       30%         2
c - Magic Dart            Conj           4%         1d3       21%         1

Your spell library contained the following spells:

 Spells                   Type           Power      Damage    Failure   Level
 Lesser Beckoning         Tloc           36%        N/A       3%          2
 Teleport Other           Tloc           18%        N/A       8%          3
 Manifold Assault         Tloc           18%        N/A       26%         4
 Cigotuvi's Dreadful Rot  Necr/Alch/Air  2%         N/A       30%         2
 Sublimation of Blood     Necr           1%         N/A       30%         2
 Call Canine Familiar     Summ           1%         N/A       52%         3
 Sigil of Binding         Hex            1%         N/A       52%         3
 Vhi's Electric Charge    Tloc/Air       18%        N/A       56%         4
 Dispel Undead            Necr           1%         3d6       90%         4
 Martyr's Knell           Necr/Summ      1%         N/A       90%         4
 Death Channel            Necr           0%         N/A       100%        6
 Summon Hydra             Summ           0%         N/A       100%        7
 Dimensional Bullseye     Hex/Tloc       Unusable   N/A       N/A         4

Dungeon Overview and Level Annotations

Branches:
Dungeon (3/15)

Altars:

Annotations:
D:2 Pargi


Innate Abilities, Weirdness & Mutations

You have sharp claws.
You have razor-sharp teeth.
You have supernaturally acute eyesight. (SInv)
You are covered in fur. (AC +1)
Your paws help you pounce on unaware monsters.
You are incapable of wielding weapons or throwing items.
You cannot wear armour.
You gain extra lives every three experience levels.


Message History

Aim: Pargi (lightly wounded, 100% to hit)
The magic dart hits Pargi.
Pargi is lightly wounded.
Aiming: Magic Dart (safe; 21% risk of failure)
Press: ? - help, Q - select action, (/) - cycle Shift-Dir - straight line, f/p - Pargi
Aim: Pargi (100% to hit)
You miscast Magic Dart.
You are very lightly contaminated with residual magic.
Nothing appears to happen.
You block Pargi's attack. Pargi misses you. x2
Casting: Magic Dart (safe; 21% risk of failure)
Confirm with . or Enter, or press ? or * to list all spells.
You blink.
Pargi completely misses you. Pargi barely misses you.
Pargi completely misses you.
You scratch Pargi.
Pargi is lightly wounded.
Pargi bites you. Pargi misses you. Pargi closely misses you.
You barely miss Pargi.
Pargi is lightly wounded.
Unknown command.
Unknown command.
Casting: Blink (safe; 3% risk of failure)
Confirm with . or Enter, or press ? or * to list all spells.
A tiny devil pulls itself out of the air.
Pargi bites you. Pargi claws you but does no damage. Pargi misses you.
Casting: Call Imp (extremely dangerous; 30% risk of failure)
Confirm with . or Enter, or press ? or * to list all spells.
You are still too unstable to blink.
Your cerulean imp barely misses Pargi.
You scratch Pargi.
Pargi is lightly wounded.
Pargi misses you. Pargi barely misses you. Pargi completely misses you.
You closely miss Pargi. Your bite misses Pargi.
Pargi is lightly wounded.
Your cerulean imp hits Pargi from afar with a -4 spear.
Pargi bites you!
Ouch! That really hurt!
* * * LOW HITPOINT WARNING * * *
Pargi misses you. Pargi claws you.
You die...

#....# #. #....######## .....#
#.#.##............ #..###
#.#..<.....####### ...###
##.####..#..###### ### ...#..
.........#.......# .. #..#.#
##.####..#######.##.# #..#.#
#.# #5..#... ......
#..#.######.###.###.# #...###
#..............T@...#### #....#
.#.#.######.###........###..T.#
.#.#...###....#.#............>#
.........##.....####>#.########
....###..##.#.#.# #.#.#
#..#...#..#.#.#.# #.#.#
#..#.⌠.#....#.#.# #.#.#
#~≈#...#.##.# #.# #.#.#
~≈≈≈###~....# #. #.#..


You could see Pargi (ally target) and a friendly cerulean imp (summoned).

Vanquished Creatures
  An adder (D:2)
  3 endoplasms
  2 hobgoblins (D:1)
  2 kobolds (D:1)
  3 rats (D:1)
11 creatures vanquished.

Vanquished Creatures (collateral kills)
  An endoplasm (D:2)
  A ball python (D:2)
2 creatures vanquished.

Grand Total: 13 creatures vanquished

Notes
Turn   | Place    | Note
-------+----------+-------------------------------------------
     0 | D:1      | CyriusSolstice the Felid Warper began the quest for the
                  | Orb.
     0 | D:1      | Reached XP level 1. HP: 11/11 MP: 4/4
   172 | D:1      | Reached XP level 2. HP: 12/15 MP: 6/6
   192 | D:1      | You fall into a shaft and drop 1 floor!
   284 | D:2      | Learned a level 2 spell: Blink
   287 | D:2      | Learned a level 2 spell: Call Imp
   559 | D:2      | Reached skill level 5 in Translocations
   648 | D:2      | Learned a level 1 spell: Magic Dart
   895 | D:3      | Noticed Pargi
   909 | D:2      | Slain by Pargi
   909 | D:2      | Lost a life (0 lives remaining)
   970 | D:2      | Slain by Pargi

Illustrated notes

Levels and vault maps discovered:
D:1:      dpeg_arrival_shelter, layout_basic, minmay_parallelograms
D:2:      layout_basic, chequers_ecumenical_altar_simple_redux,
          kennysheep_path_1, amethyst_killhole, fountainhead, dk_noncrumbling_2
D:3:      layout_basic, nicolae_wu_jian_wuxing_cycle,
          chequers_serial_rivers_room_a, uniq_ijyb, uniq_robin, uniq_pargi

Skill      XL: |  1  2 |
---------------+-------+-----
Translocations | 5 |  5.1
Fighting       | |  2.1
Dodging        | |  3.4
Stealth        | |  0.2
Unarmed Combat | |  2.2
Spellcasting   | |  2.1

Action                     || total
---------------------------++-------
  Melee: Unarmed           ||    34
         Bite              ||     4
   Cast: Magic Dart        ||     5
         Blink             ||     2
         Call Imp          ||     2
   Stab: Sleeping          ||     1
 Armour: Skin              ||    19
  Dodge: Dodged            ||    43
  Block: Other             ||     2
